 Dungeon Crawl Stone Soup version 0.23.2 (webtiles) character file.

Game seed: 17459661138661746470

74 BlankSlave the Poker (level 4, -1/35 HPs)
             Began as a Merfolk Gladiator on Apr 2, 2019.
             Was an Initiate of Ashenzari.
             Slain by an orc priest (3 damage)
             ... on level 3 of the Dungeon.
             The game lasted 00:04:20 (1549 turns).

BlankSlave the Poker (Merfolk Gladiator)            Turns: 1549, Time: 00:04:21

Health: -1/35      AC:  4    Str: 15    XL:     4   Next: 28%
Magic:  4/4        EV: 14    Int:  7    God:    Ashenzari [......]
Gold:   68         SH:  0    Dex: 15    Spells: 3/3 levels left

rFire    . . .     SeeInvis .   a - +0 trident
rCold    . . .     Gourm    .   (no shield)
rNeg     . . .     Faith    .   b - +0 leather armour
rPois    .         Spirit   .   c - +0 helmet
rElec    .         Reflect  .   (no cloak)
rCorr    .         Harm     .   (no gloves)
MR       .....                  (no boots)
Stlth    +.........             m - amulet of inaccuracy (curse)
HPRegen  0.11/turn              (no ring)
MPRegen  0.09/turn              (no ring)

@: no status effects
A: change form in water, swift swim, stealthy swim
a: Curse Item, Renounce Religion


You were on level 3 of the Dungeon.
You worshipped Ashenzari.
Ashenzari was noncommittal.
You were not hungry.

You visited 1 branch of the dungeon, and saw 3 of its levels.

You collected 68 gold pieces.

Inventory:

Hand Weapons
 a - a +0 trident (weapon)
Missiles
 d - 3 throwing nets (quivered)
Armour
 b - a +0 leather armour (worn)
 c - a +0 helmet (worn)
Jewellery
 m - a cursed amulet of inaccuracy (around neck)
Potions
 e - a potion of degeneration {unknown}
 g - a potion of lignification {unknown}
 h - a potion of berserk rage
 i - 3 potions of might {unknown}
 j - a potion of haste {unknown}
 k - a potion of heal wounds {unknown}
 l - a potion of curing {unknown}
Comestibles
 f - 5 rations


   Skills:
 + Level 3.2 Fighting
 + Level 5.5 Polearms
 - Level 2.0 Throwing
 + Level 5.0 Dodging


You had 3 spell levels left.
You didn't know any spells.
Your spell library was empty.

Dungeon Overview and Level Annotations

Branches:
Dungeon (3/15)

Altars:
Ashenzari
Fedhas
Nemelex Xobeh


Message History

The orc priest closely misses you.
You barely miss the orc priest.
The orc priest is heavily wounded.
The orc priest calls down the wrath of Beogh upon you.
Pain shoots through your body!
* * * LOW HITPOINT WARNING * * *
You barely miss the orc priest.
The orc priest is heavily wounded.
The orc priest hits you.
* * * LOW HITPOINT WARNING * * *
You closely miss the orc priest.
The orc priest is heavily wounded.
The orc priest closely misses you.
You hit the orc priest.
The orc priest is heavily wounded.
The orc priest casts a cantrip, but nothing happens.
You barely miss the orc priest.
The orc priest is heavily wounded.
The orc priest hits you.
You die...

.....
...
...
...
#.#
#o#
#o#
#@#
###.#
#<..#
###$#
#.#
#.#
#.#
#.#
#.#


You could see an orc priest and an orc.

Vanquished Creatures
  2 adders (D:2)
  A worm (D:2)
  2 dart slugs (D:1)
  3 leopard geckos (D:1)
  3 orcs (D:3)
  6 bats
  2 giant cockroaches
  7 hobgoblins
  A quokka (D:2)
  3 frilled lizards
  5 goblins
  3 kobolds (D:1)
  5 rats
43 creatures vanquished.

Notes
Turn   | Place    | Note
-------+----------+-------------------------------------------
     0 | D:1      | BlankSlave the Merfolk Gladiator began the quest for the
                  | Orb.
     0 | D:1      | Reached XP level 1. HP: 16/16 MP: 1/1
   131 | D:1      | Reached XP level 2. HP: 23/23 MP: 2/2
   153 | D:1      | Found a shattered altar of Ashenzari.
   362 | D:1      | Reached skill level 5 in Polearms
   362 | D:1      | Reached XP level 3. HP: 15/28 MP: 3/3
   805 | D:2      | Found a sparkling altar of Nemelex Xobeh.
  1149 | D:1      | Became a worshipper of Ashenzari the Shackled
  1294 | D:2      | Reached XP level 4. HP: 33/35 MP: 4/4
  1301 | D:2      | Reached skill level 5 in Dodging
  1491 | D:2      | Found a blossoming altar of Fedhas.
  1546 | D:3      | HP: 1/35 [orc priest (5)]
  1549 | D:3      | Slain by an orc priest

Skill      XL: |  1  2  3  4 |
---------------+-------------+-----
Polearms       | 5 |  5.5
Fighting       | 3 |  3.2
Dodging        | 5 |  5.0
Throwing       | |  2.0

Action                   |  1- 3 |  4- 6 || total
-------------------------+-------+-------++-------
Melee: Trident           |   119 |    38 ||   157
  Use: Scroll            |     2 |       ||     2
 Stab: Sleeping          |     4 |       ||     4
  Eat: Ration            |     1 |       ||     1
Armor: Leather armour    |    22 |     4 ||    26
Dodge: Dodged            |    69 |    18 ||    87
